 Dungeon Sprint DCSS version 0.29-a0-468-ge57f7f99b4 (webtiles) character file.

Game seed: 11441193232488293478

1226 mhtbhm the Basher (level 8, -2/82 HPs)
             Began as a Grey Draconian Berserker on May 21, 2022.
             Was an Elder of Trog.
             Succumbed to an orange demon's poison
             ... in the Dungeon (Sprint I: "Red Sonja").
             The game lasted 00:00:58 (582 turns).

mhtbhm the Basher (Grey Draconian Berserker)         Turns: 582, Time: 00:00:59

Health: -2/82      AC: 11    Str: 22    XL:     8   Next: 23%
Magic:  8/8        EV: 15    Int:  7    God:    Trog [****..]
Gold:   311        SH:  0    Dex: 11    Spells: 7/7 levels left

rFire   . . .      SeeInvis .   a - +0 mace
rCold   . . .      Faith    .   (no shield)
rNeg    . . .      Spirit   .   (body armour unavailable)
rPois   .          Reflect  .   (helmet restricted)
rElec   .          Harm     .   (no cloak)
rCorr   .          Rampage  .   (no gloves)
Will    .....      NoTele   +   (no boots)
Stlth   +.........              (no amulet)
HPRegen 0.23/turn               (no ring)
MPRegen 0.11/turn               (no ring)

@: lethally poisoned (-2 -> -25), on berserk cooldown, slowed, very slow
A: AC +11, amphibious, unfitting armour, cold-blooded
a: Renounce Religion, Berserk, Trog's Hand, Brothers in Arms


You were in the Dungeon.
You worshipped Trog.
Trog was greatly pleased with you.
You visited 1 branch You collected 405 gold pieces.
You spent 94 gold pieces at shops.

Inventory:

Hand Weapons
 a - a +0 mace (weapon)
Missiles
 j - 6 atropa-tipped darts (quivered)
Wands
 h - a wand of flame (17)
Scrolls
 b - a scroll of magic mapping {unknown}
 g - a scroll of blinking
 i - a scroll of silence {unknown}
Potions
 c - 2 potions of heal wounds
 d - a potion of haste
 e - 2 potions of magic
 f - a potion of berserk rage


   Skills:
 + Level 11.4 Fighting
 + Level 12.4 Maces & Flails
 + Level 9.1 Dodging
 + Level 0.1 Stealth


You had 7 spell levels left.
You didn't know any spells.
Your spell library was empty.

Dungeon Overview and Level Annotations

Branches:
Dungeon (1/1)

Altars:
Cheibriados
Dithmenos
Elyvilon
Fedhas
Gozag
Hepliaklqana
Kikubaaqudgha
Makhleb
Nemelex Xobeh
Okawaru
Qazlal
Ru
Sif Muna
Trog
Uskayaw
Vehumet
Wu Jian
Xom
Yredelemnul
Zin
The Shining One
Jiyva
Lugonu

Shops:
D *


Innate Abilities, Weirdness & Mutations

Your dull iron-grey scales are very hard. (AC +11)
You are amphibious.
You cannot fit into any form of body armour.
You are cold-blooded and may be slowed by cold attacks.


Message History

You feel very sick.
Unknown command.
You closely miss the kobold demonologist.
The kobold demonologist is severely wounded.
You feel very sick.
The kobold demonologist looks braver for a moment.
The orange demon stings you from afar!
Unknown command.
You closely miss the kobold demonologist.
Your punch misses the kobold demonologist.
The kobold demonologist is severely wounded.
* * * LOW HITPOINT WARNING * * *
You feel very sick.
You sock the kobold demonologist!
The kobold demonologist is almost dead.
* * * LOW HITPOINT WARNING * * *
You feel very sick.
The kobold demonologist hits you but does no damage.
The ice devil hits you!
* * * LOW HITPOINT WARNING * * *
The ice devil freezes you!
You feel yourself slow down.
* * * LOW HITPOINT WARNING * * *
The orange demon misses you.
You hit the kobold demonologist.
You kill the kobold demonologist!
Trog accepts your kill.
Trog appreciates your killing of a magic user.
You can now call in reinforcements.
The orange demon disappears in a puff of smoke!
The ice devil disappears in a puff of smoke!
* * * LOW HITPOINT WARNING * * *
You feel very sick.
Your Maces & Flails skill increases to level 12!
Your Dodging skill increases to level 9!
You have reached level 8!
You feel stronger.
You are no longer berserk.
You are exhausted.
You feel as though you will be slow longer.
You die...

#####################
.)..#..'..#__#..@)..#
.#..').#..'..'..#§§.#
###'#####'#__####...+
##..#...#.#### ####
_####..##(#
____##'#_.+
.∩...†..._#
..__##_.#'#
____###+#.#


There were no monsters in sight!

Vanquished Creatures
  2 kobold demonologists (D)
  A slime creature (D)
  Sigmund (D)
  A yak (D)
  A floating eye (D)
  An ogre (D)
  A jelly (D)
  Ijyb (D)
9 creatures vanquished.

Notes
Turn   | Place    | Note
-------+----------+-------------------------------------------
     0 | D        | mhtbhm the Draconian Berserker began the quest for the Orb.
     0 | D        | Reached XP level 1. HP: 19/19 MP: 1/1
     2 | D        | Noticed Ijyb
     7 | D        | Killed Ijyb
     8 | D        | Reached skill level 4 in Maces & Flails
     8 | D        | Reached XP level 2. HP: 28/28 MP: 2/2
   145 | D        | Noticed an ogre
   150 | D        | Killed an ogre
   151 | D        | Reached skill level 6 in Maces & Flails
   151 | D        | Reached skill level 5 in Dodging
   151 | D        | Reached XP level 3. HP: 38/38 MP: 3/3
   151 | D        | Reached XP level 4. HP: 45/45 MP: 4/4
   184 | D        | Noticed Sigmund
   190 | D        | Killed Sigmund
   190 | D        | Reached ** piety under Trog
   191 | D        | Reached skill level 8 in Maces & Flails
   191 | D        | Reached XP level 5. HP: 53/53 MP: 5/5
   314 | D        | Found an ornate altar of the Wu Jian Council.
   314 | D        | Found a shimmering blue altar of Sif Muna.
   316 | D        | Found a radiant altar of Vehumet.
   322 | D        | Reached XP level 6. HP: 50/62 MP: 6/6
   402 | D        | Found Imurch's General Store.
   402 | D        | Found an ancient bone altar of Kikubaaqudgha.
   402 | D        | Found a hazy altar of Hepliaklqana.
   402 | D        | Found a stormy altar of Qazlal.
   402 | D        | Found a hide-covered altar of Uskayaw.
   402 | D        | Found a blossoming altar of Fedhas.
   402 | D        | Found a bloodstained altar of Trog.
   402 | D        | Found an iron altar of Okawaru.
   402 | D        | Found a basalt altar of Yredelemnul.
   402 | D        | Found a glowing golden altar of the Shining One.
   402 | D        | Found a snail-covered altar of Cheibriados.
   402 | D        | Found a sacrificial altar of Ru.
   402 | D        | Found a glowing silver altar of Zin.
   402 | D        | Found a shadowy altar of Dithmenos.
   402 | D        | Found a white marble altar of Elyvilon.
   402 | D        | Noticed a yak
   410 | D        | Killed a yak
   411 | D        | Reached skill level 9 in Maces & Flails
   411 | D        | Found an opulent altar of Gozag.
   412 | D        | Found a sparkling altar of Nemelex Xobeh.
   420 | D        | Bought a potion of heal wounds for 55 gold pieces
   422 | D        | Bought 6 atropa-tipped darts for 39 gold pieces
   466 | D        | Found a burning altar of Makhleb.
   466 | D        | Found a viscous altar of Jiyva.
   466 | D        | Found a shimmering altar of Xom.
   466 | D        | Found a corrupted altar of Lugonu.
   466 | D        | Noticed a slime creature
   471 | D        | Killed a slime creature
   472 | D        | Reached skill level 10 in Fighting
   472 | D        | Reached skill level 10 in Maces & Flails
   472 | D        | Your scales start taking on a dull iron-grey colour.
   472 | D        | Reached XP level 7. HP: 72/72 MP: 7/7
   561 | D        | Noticed a kobold demonologist
   561 | D        | Noticed a kobold demonologist
   563 | D        | Paralysed by a floating eye for 3 turns
   564 | D        | Noticed an ice devil
   567 | D        | Reached *** piety under Trog
   568 | D        | Reached skill level 11 in Maces & Flails
   568 | D        | Noticed an orange demon
   573 | D        | Noticed an ice devil
   574 | D        | Killed a kobold demonologist
   581 | D        | Killed a kobold demonologist
   581 | D        | Reached **** piety under Trog
   581 | D        | HP: 4/111 [poisoned by an orange demon]
   582 | D        | Reached skill level 12 in Maces & Flails
   582 | D        | Reached XP level 8. HP: 4/82 MP: 8/8
   582 | D        | Succumbed to an orange demon's poison

Illustrated notes

Levels and vault maps discovered:
D:        dungeon_sprint_1 [red_sonja_temple_1, red_sonja_temple_small_1]

Skill      XL: |  1  2  3  4  5  6  7 |
---------------+----------------------+-----
Fighting       | 4 6 8 10 11 | 11.4
Maces & Flails | 4 6 8 10 12 | 12.4
Dodging        | 3 5 6 7 9 |  9.1
Stealth        | |  0.1

Action                   |  1- 3 |  4- 6 |  7- 9 || total
-------------------------+-------+-------+-------++-------
Melee: Mace              |     8 |    19 |    15 ||    42
       Tailslap          |     1 |     2 |     2 ||     5
       Punch             |       |     1 |       ||     1
Invok: Berserk           |     2 |     2 |     1 ||     5
Evoke: Wand              |       |     1 |       ||     1
  Use: Potion            |       |     1 |       ||     1
Armor: Skin              |       |     2 |     5 ||     7
Dodge: Dodged            |     4 |     5 |     5 ||    14

Table legend: (Time is in decaauts)
 A = Elapsed time spent in this place.
 B = Non-inter-level travel time spent in this place.
 C = Inter-level travel time spent in this place.
 D = Time resting spent in this place.
 E = Time spent auto-exploring this place.
 F = Levels seen in this place.
 G = Mean time per level.
                   A        B        C        D        E       F      G
               +--------+--------+--------+--------+--------+-----+--------+
         Total |    615 |    615 |      0 |    448 |      0 |   1 |  615.0 |
       Dungeon |    615 |    615 |      0 |    448 |      0 |   1 |  615.0 |
               +--------+--------+--------+--------+--------+-----+--------+

Top non-repeatable levels by time:
       D: 615 daAuts
